 Dungeon Crawl Stone Soup version 0.31-a0-179-g1846a1fd2d (webtiles) character file.

Game seed: 13671778137581604846

7844 qw the Cleaver (level 11, -1/67 HPs)
             Began as a Gargoyle Fighter on June 18, 2023.
             Was a Follower of Okawaru.
             Slain by a red ugly thing (16 damage)
             ... on level 10 of the Dungeon.
             The game lasted 00:04:13 (8763 turns).

qw the Cleaver (Gargoyle Fighter)                   Turns: 8763, Time: 00:04:14

Health: -1/67      AC: 28    Str: 23    XL:     11   Next: 21%
Magic:  13/14      EV:  8    Int: 10    God:    Okawaru [*.....]
Gold:   495        SH: 17    Dex:  9    Spells: 10/10 levels left

rFire   . . .        Y - +3 war axe (elec)
rCold   + . .        l - +0 kite shield
rNeg    + . .        b - +0 plate armour
rPois   inf          k - +0 helmet
rElec   +            (no cloak)
rCorr   .            p - +2 pair of gloves
SInv    .            (no boots)
Will    .....        r - amulet of reflection Stlth
                     j - +4 ring of slaying {mikee}
HPRegen 0.31/turn    t - ring of protection from cold
MPRegen 0.14/turn

%: reflection
@: heroic
A: sickness immunity, AC +8, negative energy resistance 1, electricity
resistance, torment resistance 1, petrification resistance
a: Renounce Religion, Heroism


You were on level 10 of the Dungeon.
You worshipped Okawaru.
Okawaru was aware of your devotion.
You visited 2 branches of the dungeon, and saw 11 of its levels.

You collected 495 gold pieces.


Innate Abilities, Weirdness & Mutations

You are immune to sickness and miasma.
Your stone body is resilient. (AC +8)
You are immune to poison.
You resist negative energy. (rN+)
You are resistant to electric shocks. (rElec)
You are resistant to unholy torment.
You are immune to petrification.


   Skills:
 - Level 7.4(12.4) Fighting
 - Level 12.9(17.9) Axes
 - Level 1.2(6.2) Throwing
 - Level 6.1(11.1) Armour
 - Level 1.6(6.6) Dodging
 + Level 8.8(13.8) Shields
 - Level 4.0 Invocations


You had 10 spell levels left.
You didn't know any spells.
Your spell library was empty.

Inventory:

Hand Weapons
 a - a +1 heavy flail
 Y - a +3 war axe of electrocution (weapon)
Missiles
 f - 10 boomerangs (quivered)
Armour
 b - a +0 plate armour (worn)
 k - a +0 helmet (worn)
 l - a +0 kite shield (worn)
 p - a +2 pair of gloves (worn)
Jewellery
 j - a +4 ring of slaying (left hand) {mikee}
 r - an amulet of reflection (around neck)
 t - a ring of protection from cold (right hand)
Scrolls
 g - a scroll of identify
Potions
 d - 3 potions of might
 e - 4 potions of attraction
 h - a potion of lignification
 i - 2 potions of haste
 m - a potion of enlightenment
 n - a potion of magic
 o - a potion of curing
 q - a potion of cancellation

Dungeon Overview and Level Annotations

Branches:
Dungeon (10/15)            Temple (1/1) D:6
   Lair: D:8-11         Orc: D:9-12

Altars:
Ashenzari
Cheibriados
Dithmenos
Elyvilon
Fedhas
Gozag
Hepliaklqana
Kikubaaqudgha
Makhleb
Nemelex Xobeh
Okawaru
Ru
Sif Muna
Trog
Uskayaw
Vehumet
Wu Jian
Xom
Yredelemnul
Zin
The Shining One

Shops:
D:1 [

Annotations:
D:4 1 runed translucent door, qw's ghost, novice NaHu
D:10 Joseph


Message History

You block the death knight's attack.
You hit the skeletal warrior.
The skeletal warrior is moderately damaged.
You hit the death knight but do no damage.
The death knight hits you with a +0 broad axe.
The skeletal warrior hits you with a +0 dire flail.
You hit the skeletal warrior.
The skeletal warrior is moderately damaged.
You hit the death knight.
The death knight reflects your damage back at you!
You slash the skeletal warrior!
The skeletal warrior is heavily damaged.
You hit the death knight.
The death knight reflects your damage back at you!
The death knight's dark mirror aura disappears.
The skeletal warrior hits you but does no damage.
The death knight calls down the wrath of Yredelemnul upon you.
Your body is wracked with pain!
You closely miss the skeletal warrior.
The skeletal warrior is heavily damaged.
You closely miss the death knight.
You block the skeletal warrior's attack.
You block the death knight's attack.
You slash the skeletal warrior!
The skeletal warrior is severely damaged.
You barely miss the death knight.
The skeletal warrior hits you with a +0 dire flail.
You block the death knight's attack.
You hit the skeletal warrior but do no damage.
Lightning courses through the skeletal warrior!!
You destroy the skeletal warrior!
Okawaru accepts your kill.
You closely miss the death knight.
The death knight hits you with a +0 broad axe!
You closely miss the death knight.
The death knight is moderately wounded.
You hit the red ugly thing.
Lightning courses through the red ugly thing!!
The red ugly thing bites you!
You are engulfed in flames!
You die...

.....# #.#...( ..#.#
...... . ......# #.#.#
#....#.#.#[...# ..#.#
#............. ..#.#
#....#.#....# ..#.#
#....@....# ..#.#
#..up#....# ..#.#
#..@....# ....######
#.......# #.#......#
##.....#..#
#.#.####.######))........
.<#.# #...>...#......##.
#.#.# ##..###.#.....##
#.#.# #.####.......#
#[#.# #...#.....####
..#.# ###...#####


You could see a death knight, a red ugly thing and Joseph.

Vanquished Creatures
  A two-headed ogre (D:9)
  A skeletal warrior (D:10)
  A troll (D:9)
  A polar bear (shapeshifter) (D:10)
  A hornet (D:9)
  Prince Ribbit (D:7)
  Sigmund (D:2)
  A shadow (D:9)
  2 wyverns
  A wraith (D:6)
  Eustachio (D:5)
  5 yaks (D:9)
  2 steam dragons
  An acid dragon (D:8)
  An orc warrior (D:9)
  An ice beast (D:8)
  3 centaurs
  An ogre (D:3)
  3 phantoms
  Blork the orc (D:5)
  3 gnoll sergeants
  10 wights (D:8)
  10 killer bees
  6 electric eels (D:9)
  3 howler monkeys
  3 hounds
  9 orc priests
  2 jellies
  A sleepcap (D:6)
  An iron imp (D:5)
  3 iguanas
  10 orc wizards
  5 adders
  8 gnolls
  3 white imps
  An ufetubus (D:5)
  2 worms
  A dart slug (D:2)
  28 orcs
  6 ball pythons
  A bat zombie (D:3)
  6 endoplasms
  5 giant cockroaches
  9 goblins
  7 hobgoblins
  5 jackals
  2 kobolds
  7 quokkas
  9 bats
  7 frilled lizards
  6 rats
  A rat zombie (D:3)
210 creatures vanquished.

Notes
Turn   | Place    | Note
-------+----------+-------------------------------------------
     0 | D:1      | qw the Gargoyle Fighter began the quest for the Orb.
     0 | D:1      | Reached XP level 1. HP: 14/14 MP: 1/1
     0 | D:1      | 0 ||| qw: Version: 0.3-a-7-ge0c9b40
     0 | D:1      | 0 ||| qw: Game counter: 873
     0 | D:1      | 0 ||| qw: Always use a shield: true
     0 | D:1      | 0 ||| qw: God list: Okawaru
     0 | D:1      | 0 ||| qw: Allow faded altars: false
     0 | D:1      | 0 ||| qw: Do Orc after D:15 true
     0 | D:1      | 0 ||| qw: Do second Lair branch before Depths: true
     0 | D:1      | 0 ||| qw: Lair rune preference: random
     0 | D:1      | 0 ||| qw: Plans: Normal, Zot:1-4, Slime:5, God:TSO, Crypt,
                  | Tomb, Abyss, Pan, Hells, Win
     0 | D:1      | 0 ||| PLANNING D:1-11
    60 | D:1      | Found Rosish's Antique Armour Boutique.
    63 | D:1      | 63 ||| SHOPLISTING pair of boots (108 gold, have 4).
    63 | D:1      | 63 ||| SHOPLISTING pair of warped gloves (228 gold, have
                  | 4).
    63 | D:1      | 63 ||| SHOPLISTING transparent storm dragon scales (2040
                  | gold, have 4).
    63 | D:1      | 63 ||| SHOPLISTING twisted scale mail (216 gold, have 4).
   122 | D:1      | Reached skill level 2 in Axes
   192 | D:1      | Reached XP level 2. HP: 19/19 MP: 2/2
   255 | D:1      | 255 ||| DROPPING +0 club.
   306 | D:1      | 306 ||| DROPPING +0 mace.
   379 | D:1      | 379 ||| Stepping ~*~*~tactically~*~*~ (hiding).
   380 | D:1      | 380 ||| Stepping ~*~*~tactically~*~*~ (hiding).
   590 | D:1      | 590 ||| Stepping ~*~*~tactically~*~*~ (stealth).
   594 | D:1      | Reached skill level 3 in Axes
   596 | D:1      | 596 ||| Stepping ~*~*~tactically~*~*~ (hiding).
   604 | D:1      | Reached XP level 3. HP: 23/23 MP: 3/3
   798 | D:1      | Found a faded altar of an unknown god.
  1031 | D:1      | 1031 ||| UPGRADING to +0 pair of gloves.
  1036 | D:1      | 1036 ||| DROPPING ring of wizardry.
  1037 | D:1      | 1037 ||| READING 3 scrolls labelled ORIHOE PAUT.
  1038 | D:1      | 1038 ||| READING scroll labelled POANEM PAGOELU.
  1039 | D:1      | 1039 ||| READING scroll labelled PEBBEU AHUN.
  1140 | D:1      | 1140 ||| DRINKING 2 sedimented clear potions.
  1141 | D:1      | 1141 ||| DRINKING 2 clear potions.
  1142 | D:1      | 1142 ||| DROPPING 2 scrolls of amnesia.
  1208 | D:2      | Reached XP level 4. HP: 17/28 MP: 4/4
  1285 | D:2      | 1285 ||| DROPPING +0 flail.
  1294 | D:2      | Reached skill level 4 in Axes
  1322 | D:2      | 1322 ||| Stepping ~*~*~tactically~*~*~ (stealth).
  1323 | D:2      | 1323 ||| Stepping ~*~*~tactically~*~*~ (stealth).
  1326 | D:2      | 1326 ||| Stepping ~*~*~tactically~*~*~ (stealth).
  1345 | D:2      | 1345 ||| Stepping ~*~*~tactically~*~*~ (stealth).
  1402 | D:2      | 1402 ||| Stepping ~*~*~tactically~*~*~ (stealth).
  1417 | D:2      | Noticed a phantom
  1433 | D:2      | HP: 7/28 [phantom (5)]
  1439 | D:2      | Killed a phantom
  1440 | D:2      | Reached XP level 5. HP: 10/32 MP: 5/5
  1548 | D:2      | Reached skill level 5 in Axes
  1777 | D:2      | Noticed Sigmund
  1780 | D:2      | 1780 ||| DRINKING potion of curing.
  1780 | D:2      | 1780 ||| (to cure confusion)
  1803 | D:2      | Killed Sigmund
  1804 | D:2      | Reached XP level 6. HP: 23/40 MP: 6/6
  1903 | D:2      | 1903 ||| READING scroll labelled LAHUNT KITHOSMAIKI.
  1921 | D:3      | 1921 ||| PLANNING SEWER
  1930 | D:3      | Reached skill level 1 in Dodging
  2398 | D:3      | Reached XP level 7. HP: 37/44 MP: 7/7
  2428 | D:3      | 2428 ||| Stepping ~*~*~tactically~*~*~ (stealth).
  2443 | D:3      | 2443 ||| Stepping ~*~*~tactically~*~*~ (stealth).
  2444 | D:3      | 2444 ||| Stepping ~*~*~tactically~*~*~ (stealth).
  2446 | D:3      | 2446 ||| Stepping ~*~*~tactically~*~*~ (stealth).
  2465 | D:3      | 2465 ||| Stepping ~*~*~tactically~*~*~ (stealth).
  2475 | D:3      | 2475 ||| Stepping ~*~*~tactically~*~*~ (stealth).
  2522 | D:3      | 2522 ||| Stepping ~*~*~tactically~*~*~ (stealth).
  2523 | D:3      | 2523 ||| Stepping ~*~*~tactically~*~*~ (stealth).
  2527 | D:3      | 2527 ||| Stepping ~*~*~tactically~*~*~ (stealth).
  2532 | D:3      | 2532 ||| Stepping ~*~*~tactically~*~*~ (stealth).
  2533 | D:3      | 2533 ||| Stepping ~*~*~tactically~*~*~ (stealth).
  2593 | D:3      | Found a glowing drain.
  2594 | D:3      | 2594 ||| UPGRADING to +0 chain mail.
  2604 | D:3      | 2604 ||| DROPPING +0 scale mail.
  2605 | D:3      | 2605 ||| UPGRADING to +2 pair of gloves.
  2615 | D:3      | 2615 ||| DROPPING +0 pair of gloves.
  2616 | D:3      | 2616 ||| UPGRADING to amulet of the acrobat.
  2621 | D:3      | 2621 ||| READING scroll labelled ELIACI ONEGA.
  2622 | D:3      | 2622 ||| READING scroll labelled LINILEREFU.
  2654 | D:3      | 2654 ||| READING scroll labelled NORACVOREZ.
  2654 | D:3      | Identified a scroll of acquirement
  2654 | D:3      | 2654 ||| ACQUIRING +2 war axe of electrocution
  2654 | D:3      | Acquired a +2 war axe of electrocution
  2655 | D:3      | 2655 ||| READING scroll labelled FILAFANNUXT.
  2659 | D:3      | 2659 ||| READING 2 scrolls of identify.
  2659 | D:3      | 2659 ||| IDENTIFYING metallic puce potion
  2660 | D:3      | 2660 ||| DROPPING potion of degeneration.
  2705 | D:3      | 2705 ||| STAIRDANCE
  2709 | D:3      | 2709 ||| STAIRDANCE
  2713 | D:3      | 2713 ||| STAIRDANCE
  2717 | D:3      | 2717 ||| STAIRDANCE
  2721 | D:3      | 2721 ||| RIP SEWER
  2721 | D:3      | 2721 ||| PLANNING D:1-11
  2744 | D:3      | 2744 ||| SWAPPING to +2 war axe of electrocution.
  2745 | D:3      | 2745 ||| DROPPING +0 war axe.
  3023 | D:3      | 3023 ||| Stepping ~*~*~tactically~*~*~ (stealth).
  3080 | D:3      | Found an ancient bone altar of Kikubaaqudgha.
  3082 | D:3      | 3082 ||| DRINKING 2 murky white potions.
  3255 | D:4      | Found a runed translucent door.
  3261 | D:4      | Noticed qw's ghost (novice NaHu)
  3350 | D:4      | 3350 ||| Stepping ~*~*~tactically~*~*~ (stealth).
  3358 | D:4      | Reached skill level 6 in Axes
  3542 | D:4      | Found a hazy altar of Hepliaklqana.
  3652 | D:4      | 3652 ||| Stepping ~*~*~tactically~*~*~ (hiding).
  3881 | D:4      | 3881 ||| UPGRADING to +0 helmet.
  3886 | D:4      | 3886 ||| READING scroll labelled IXOUCI WIOLYG.
  3887 | D:4      | 3887 ||| READING scroll labelled KAENEQ ESIS.
  3888 | D:4      | 3888 ||| READING scroll labelled ZUXUKI CAILANG.
  3889 | D:4      | 3889 ||| READING 2 scrolls of identify.
  3889 | D:4      | 3889 ||| IDENTIFYING orange potion
  3890 | D:4      | 3890 ||| DRINKING potion of experience.
  3890 | D:4      | Reached skill level 12 in Axes
  3890 | D:4      | Reached XP level 8. HP: 49/49 MP: 8/8
  3932 | D:5      | Entered Level 5 of the Dungeon
  3970 | D:5      | 3970 ||| Stepping ~*~*~tactically~*~*~ (stealth).
  3970 | D:5      | Noticed Blork the orc
  3971 | D:5      | 3971 ||| Stepping ~*~*~tactically~*~*~ (hiding).
  3980 | D:5      | Killed Blork the orc
  3981 | D:5      | Reached skill level 1 in Throwing
  4019 | D:5      | Found a burning altar of Makhleb.
  4052 | D:5      | 4052 ||| Stepping ~*~*~tactically~*~*~ (stealth).
  4053 | D:5      | 4053 ||| Stepping ~*~*~tactically~*~*~ (stealth).
  4055 | D:5      | 4055 ||| Stepping ~*~*~tactically~*~*~ (stealth).
  4082 | D:5      | 4082 ||| Stepping ~*~*~tactically~*~*~ (hiding).
  4592 | D:5      | Found a glowing golden altar of the Shining One.
  4729 | D:5      | Noticed Eustachio
  4747 | D:5      | Killed Eustachio
  4748 | D:5      | Reached XP level 9. HP: 54/54 MP: 9/9
  4758 | D:5      | 4758 ||| UPGRADING to +0 plate armour.
  4768 | D:5      | 4768 ||| DROPPING +0 chain mail.
  4769 | D:5      | 4769 ||| UPGRADING to amulet of reflection.
  4779 | D:5      | 4779 ||| DROPPING amulet of the acrobat.
  4780 | D:5      | 4780 ||| READING scroll labelled XOUGRO VUED.
  4781 | D:5      | 4781 ||| READING scroll labelled KOADEO MIQE.
  4782 | D:5      | 4782 ||| DRINKING 2 puce potions.
  4783 | D:5      | 4783 ||| DRINKING potion of curing.
  4783 | D:5      | 4783 ||| (to cure confusion)
  4784 | D:5      | 4784 ||| READING 2 scrolls of identify.
  4784 | D:5      | 4784 ||| IDENTIFYING yellow potion
  4785 | D:5      | 4785 ||| DROPPING potion of brilliance.
  4786 | D:5      | 4786 ||| DROPPING potion of ambrosia.
  5009 | D:6      | 5009 ||| Stepping ~*~*~tactically~*~*~ (stealth).
  5232 | D:6      | Found a staircase to the Ecumenical Temple.
  5233 | D:6      | 5233 ||| PLANNING TEMPLE
  5233 | D:6      | 5233 ||| DROPPING amulet of guardian spirit.
  5234 | D:6      | 5234 ||| UPGRADING to +4 ring of slaying {mikee}.
  5235 | D:6      | 5235 ||| DRINKING 2 murky black potions.
  5270 | Temple   | Entered the Ecumenical Temple
  5288 | Temple   | 5288 ||| PLANNING OKAWARU WORSHIP
  5442 | Temple   | Became a worshipper of Warmaster Okawaru
  5443 | Temple   | 5443 ||| PLANNING D:1-11
  6035 | D:7      | Reached skill level 6 in Fighting
  6067 | D:7      | 6067 ||| Stepping ~*~*~tactically~*~*~ (hiding).
  6179 | D:7      | Noticed Prince Ribbit
  6186 | D:7      | Killed Prince Ribbit
  6186 | D:7      | Reached * piety under Okawaru
  6241 | D:7      | 6241 ||| INVOKING Heroism.
  6247 | D:7      | HP: 4/55 [orc priest/divine providence (12)]
  6248 | D:7      | 6248 ||| DRINKING potion of heal wounds.
  6486 | D:7      | 6486 ||| INVOKING Heroism.
  6529 | D:7      | 6529 ||| READING 2 scrolls labelled HOM EGESOEGO.
  6530 | D:7      | 6530 ||| READING 3 scrolls of identify.
  6530 | D:7      | 6530 ||| IDENTIFYING viscous emerald potion
  6531 | D:7      | 6531 ||| DROPPING scroll of vulnerability.
  6574 | D:8      | Reached skill level 6 in Armour
  6639 | D:8      | Reached skill level 1 in Invocations
  6772 | D:8      | Found a blossoming altar of Fedhas.
  6947 | D:8      | 6947 ||| INVOKING Heroism.
  6962 | D:8      | 6962 ||| INVOKING Heroism.
  6964 | D:8      | Reached XP level 10. HP: 44/61 MP: 7/11
  7046 | D:8      | Identified the +5 dagger "Spiderslayer" {speed, rF+}
  7184 | D:8      | Identified the +5 hand axe "Lacertilian's Undoing" {speed,
                  | Int+3 Dex+2}
  7202 | D:8      | 7202 ||| Stepping ~*~*~tactically~*~*~ (hiding).
  7208 | D:8      | 7208 ||| INVOKING Heroism.
  7216 | D:8      | Reached skill level 3 in Invocations
  7216 | D:8      | 7216 ||| Stepping ~*~*~tactically~*~*~ (hiding).
  7218 | D:8      | 7218 ||| Stepping ~*~*~tactically~*~*~ (hiding).
  7219 | D:8      | 7219 ||| Stepping ~*~*~tactically~*~*~ (hiding).
  7479 | D:8      | 7479 ||| UPGRADING to +0 kite shield.
  7489 | D:8      | 7489 ||| DROPPING +0 buckler.
  7490 | D:8      | 7490 ||| DRINKING 2 green potions.
  7491 | D:8      | 7491 ||| READING 2 scrolls of identify.
  7491 | D:8      | 7491 ||| IDENTIFYING pink potion
  7497 | D:9      | 7497 ||| INVOKING Heroism.
  7525 | D:9      | Found a snail-covered altar of Cheibriados.
  7526 | D:9      | 7526 ||| Stepping ~*~*~tactically~*~*~ (hiding).
  7537 | D:9      | 7537 ||| Stepping ~*~*~tactically~*~*~ (stealth).
  7554 | D:9      | Noticed a two-headed ogre
  7555 | D:9      | 7555 ||| INVOKING Heroism.
  7560 | D:9      | Killed a two-headed ogre
  7588 | D:9      | 7588 ||| INVOKING Heroism.
  7593 | D:9      | Reached skill level 6 in Shields
  7615 | D:9      | 7615 ||| Stepping ~*~*~tactically~*~*~ (hiding).
  7619 | D:9      | 7619 ||| INVOKING Heroism.
  7650 | D:9      | 7650 ||| Stepping ~*~*~tactically~*~*~ (hiding).
  7652 | D:9      | 7652 ||| INVOKING Heroism.
  7657 | D:9      | 7657 ||| Stepping ~*~*~tactically~*~*~ (cloud).
  7659 | D:9      | 7659 ||| Stepping ~*~*~tactically~*~*~ (cloud).
  7672 | D:9      | Identified the +0 chain mail of Pan-Flutes {rN+}
  7676 | D:9      | 7676 ||| INVOKING Heroism.
  7781 | D:9      | 7781 ||| Stepping ~*~*~tactically~*~*~ (hiding).
  7793 | D:9      | Reached ** piety under Okawaru
  7835 | D:9      | 7835 ||| Stepping ~*~*~tactically~*~*~ (stealth).
  7843 | D:9      | Reached XP level 11. HP: 56/67 MP: 14/14
  7846 | D:9      | 7846 ||| Stepping ~*~*~tactically~*~*~ (stealth).
  7847 | D:9      | 7847 ||| FLEEEEING.
  7975 | D:9      | 7975 ||| INVOKING Heroism.
  8046 | D:9      | 8046 ||| Stepping ~*~*~tactically~*~*~ (stealth).
  8047 | D:9      | 8047 ||| INVOKING Heroism.
  8176 | D:9      | 8176 ||| INVOKING Heroism.
  8262 | D:9      | Found a sparkling altar of Nemelex Xobeh.
  8285 | D:9      | Found a shimmering altar of Xom.
  8532 | D:9      | 8532 ||| Stepping ~*~*~tactically~*~*~ (stealth).
  8534 | D:9      | 8534 ||| INVOKING Heroism.
  8674 | D:9      | 8674 ||| DROPPING +0 chain mail of Pan-Flutes {rN+}.
  8675 | D:9      | 8675 ||| UPGRADING to ring of protection from cold.
  8676 | D:9      | 8676 ||| READING scroll labelled NYGATI DUTIDYS.
  8703 | D:10     | Entered Level 10 of the Dungeon
  8730 | D:10     | 8730 ||| Stepping ~*~*~tactically~*~*~ (hiding).
  8736 | D:10     | 8736 ||| Stepping ~*~*~tactically~*~*~ (hiding).
  8746 | D:10     | 8746 ||| Stepping ~*~*~tactically~*~*~ (stealth).
  8747 | D:10     | 8747 ||| Stepping ~*~*~tactically~*~*~ (stealth).
  8747 | D:10     | Noticed a death knight
  8748 | D:10     | 8748 ||| INVOKING Heroism.
  8749 | D:10     | Noticed a skeletal warrior
  8749 | D:10     | Noticed a white ugly thing
  8750 | D:10     | 8750 ||| Stepping ~*~*~tactically~*~*~ (hiding).
  8751 | D:10     | Noticed a red ugly thing
  8751 | D:10     | Noticed Joseph
  8754 | D:10     | 8754 ||| Stepping ~*~*~tactically~*~*~ (hiding).
  8762 | D:10     | Killed a skeletal warrior
  8763 | D:10     | HP: 15/67 [red ugly thing (7)]
  8763 | D:10     | Slain by a red ugly thing

Levels and vault maps discovered:
D:1:      matt_arrival_refuge, layout_loops_ring, serial_shops,
          nicolae_shop_tiny_real_fake_doors, chequers_ecumenical_altar_grove
D:2:      layout_rooms, uniq_sigmund
D:3:      layout_basic, lemuel_zombie_altar_kikubaaqudgha, portal_sewer_entry_f,
          minmay_box_of_dots
D:4:      layout_loops_ring, mainiacjoe_overflow_alcove_4,
          ebering_ghost_reflecting_pool, kennysheep_generic_room_3
D:5:      layout_loops_ring, makhleb_grotto_becter, lemuel_round_altar,
          nrook_loot_triangle, uniq_eustachio, uniq_blork_the_orc
D:6:      layout_basic, minmay_temple_entry_grid
D:7:      layout_loops_ring, st_stairs_6, minmay_misc_feat_tower,
          uniq_prince_ribbit1
D:8:      layout_cave_pods, fedhas_altar_1, minmay_circle_x
D:9:      nicolae_moon_pools, layout_loops_ring, nemelex_spade_bored_becter,
          cheibriados_altar_1, mainiacjoe_overflow_six_doors_small,
          serial_bayou, serial_bayou_shore_b, serial_bayou_lagoon_a,
          serial_bayou_pond_c, serial_bayou_pond_b
D:10:     minmay_the_grid_four_pointed_star_mashed
          [minmay_the_grid_triangle_9x9_stretched_checkered,
          minmay_the_grid_triangle_9x9_shrine,
          minmay_the_grid_triangle_9x9_empty,
          minmay_the_grid_triangle_9x9_sparse_checkered,
          minmay_the_grid_prize_big_room], layout_basic,
          overflow_temple_1_default, uniq_joseph
Temple:   nicolae_temple_bog_church

Skill      XL: |  1  2  3  4  5  6  7  8  9 10 11 |
---------------+----------------------------------+-----
Axes           | 2 3 4 5 12 | 12.9
Fighting       | 5 6 7 |  7.4
Dodging        | 1 |  1.6
Throwing       | 1 |  1.2
Armour         | 4 6 |  6.1
Shields        | 4 7 8 |  8.8
Invocations    | 2 4 |  4.0

Action                     |  1- 3 |  4- 6 |  7- 9 | 10-12 || total
---------------------------+-------+-------+-------+-------++-------
  Melee: War axe           |    90 |   118 |   198 |   131 ||   537
  Throw: Boomerang         |       |    28 |   145 |    21 ||   194
 Invoke: Heroism           |       |       |     4 |    12 ||    16
    Use: Scroll            |     3 |     1 |    14 |     2 ||    20
         Potion            |     2 |     1 |     6 |     1 ||    10
 Armour: Scale mail        |    53 |    43 |    15 |       ||   111
         Chain mail        |       |       |    24 |       ||    24
         Plate armour      |       |       |    40 |    43 ||    83
  Dodge: Dodged            |    45 |    46 |    55 |    15 ||   161
  Block: Buckler           |    24 |    11 |    40 |     6 ||    81
         Reflection        |       |       |     1 |     4 ||     5
         Kite shield       |       |       |       |    50 ||    50

Table legend:
 A = Non-vault XP
 B = Vault XP
 C = Vault XP percentage of total XP
 D = Non-vault monster count
 E = Vault monster count
 F = Vault count percentage of total count
                 A         B        C        D         E       F
            +---------+---------+-------+---------+---------+-------
      Total |    6449 |    3931 |  37.9 |     174 |      36 |  17.1
            +---------+---------+-------+---------+---------+-------
        D:1 |      36 |       0 |   0.0 |      21 |       0 |   0.0
        D:2 |     199 |     226 |  53.2 |      22 |       1 |   4.3
        D:3 |     215 |      19 |   8.1 |      26 |      10 |  27.8
        D:4 |     172 |       0 |   0.0 |      17 |       0 |   0.0
        D:5 |     342 |     332 |  49.3 |      14 |       3 |  17.6
        D:6 |     409 |       0 |   0.0 |       5 |       0 |   0.0
        D:7 |     691 |     452 |  39.5 |      22 |       3 |  12.0
        D:8 |    1220 |     501 |  29.1 |      23 |       7 |  23.3
        D:9 |    3165 |     936 |  22.8 |      24 |       6 |  20.0
       D:10 |       0 |    1465 | 100.0 |       0 |       6 | 100.0
            +---------+---------+-------+---------+---------+-------
